 Dungeon Sprint DCSS version 0.29.0-10-g45618ea6d2 (webtiles) character file.

Game seed: 3968821049855496485

14390 NinjaNoafa the Severer (level 11, -8/171 HPs)
             Began as a Minotaur Fighter on Sept 1, 2022.
             Was the Champion of Cheibriados.
             Succumbed to a merfolk siren's poison
             ... in the Dungeon (Sprint V: "Ziggurat Sprint").
             The game lasted 00:09:56 (766 turns).

NinjaNoafa the Severer (Minotaur Fighter)            Turns: 766, Time: 00:09:57

Health: -8/171     AC: 35    Str: 53    XL:     11   Next: 88%
Magic:  17/21      EV:  3    Int: 20    God:    Cheibriados [******]
Gold:   0          SH: 33    Dex: 24    Spells: 10/10 levels left

rFire   . . .      SeeInvis +   n - +14 obsidian axe {vorpal, Mesm Drain Fly SInv}
rCold   . . .      Faith    +   t - +18 shield of the Gong {rElec rN+ Will+ EV-5}
rNeg    + . .      Spirit   .   s - +15 Maxwell's patent armour {-Cast -Tele rElec Will+ rCorr}
rPois   .          Reflect  .   (helmet restricted)
rElec   +          Harm     .   (no cloak)
rCorr   +          Rampage  .   F - +2 pair of gloves {Stlth+}
Will    ++...      NoTele   +   (no boots)
Stlth   .......... NoCast   +   D - amulet of faith
HPRegen 0.38/turn               y - +6 ring of strength
MPRegen 0.17/turn               z - +6 ring of strength

@: berserking, lethally poisoned (-8 -> -44), flying, mesmerised, studying
Fighting, very slow
A: horns 2, retaliatory headbutt
a: Renounce Religion, Bend Time, Temporal Distortion, Slouch, Step From Time


You were in the Dungeon.
You worshipped Cheibriados.
Cheibriados was exalted by your worship.
You visited 1 branch

Inventory:

Hand Weapons
 n - the +14 obsidian axe (weapon) {vorpal, Mesm Drain Fly SInv}
   (You found it in the Dungeon)

   It inflicts extra damage upon your enemies.
   It occasionally summons demons to assist the wielder when it strikes in
   combat.
   Its wielder is mesmerised by any visible foes.
   It cannot be unequipped while any foes are visible.
   SInv:      It lets you see invisible.
   Fly:       It grants you flight.
   Drain:     It drains your maximum health when unequipped.
Missiles
 A - 4 boomerangs (quivered)
Armour
 s - the +15 Maxwell's patent armour (worn) {-Cast -Tele rElec Will+ rCorr}
   (You found it in the Dungeon)

   rElec:     It insulates you from electricity.
   -Cast:     It prevents spellcasting.
   -Tele:     It prevents most forms of teleportation.
   rCorr:     It protects you from acid and corrosion.
   Will:      It increases your willpower.
 t - the +18 shield of the Gong (worn) {rElec rN+ Will+ EV-5}
   (You found it in the Dungeon)

   It is deafeningly noisy when blocking attacks.
   EV:        It affects your evasion (-5).
   rElec:     It insulates you from electricity.
   rN:        It protects you from negative energy.
   Will:      It increases your willpower.
 F - a +2 pair of gloves of stealth (worn)
Jewellery
 c - a ring of ice
 x - an amulet of guardian spirit
 y - a +6 ring of strength (left hand)
 z - a +6 ring of strength (right hand)
 B - an amulet of the acrobat
 C - a ring of flight
 D - an amulet of faith (around neck)
 E - a +6 ring of strength
 I - a +4 ring of protection
 J - a +4 ring of evasion
Wands
 a - a wand of mindburst (7)
 b - a wand of quicksilver (7)
Scrolls
 j - 4 scrolls of blinking
 o - 4 scrolls of amnesia
 p - 7 scrolls of fog
 q - 5 scrolls of identify
 r - 2 scrolls of fear
Potions
 d - 5 potions of might
 e - 10 potions of curing
 f - 8 potions of heal wounds
 g - 6 potions of haste
 h - 7 potions of magic
 i - a potion of berserk rage
 k - 2 potions of brilliance
 l - 2 potions of invisibility
 m - 4 potions of resistance
Miscellaneous
 u - a lightning rod (4/4)
 v - a box of beasts
 w - a phantom mirror
 G - a phial of floods
 H - a tin of tremorstones (2/2)


   Skills:
 + Level 16.2 Fighting
 + Level 16.4 Axes
 + Level 14.7 Armour
 - Level 15.0 Shields
 - Level 15.0 Invocations
 + Level 9.0 Evocations


You had 10 spell levels left.
You didn't know any spells.
Your spell library contained the following spells:

 Spells                   Type           Power      Damage    Failure   Level
 Magic Dart               Conj           0%         1d3       67%         1
 Call Imp                 Summ           0%         N/A       80%         2
 Scorch                   Fire           0%         2d5       80%         2
 Conjure Flame            Conj/Fire      0%         6-21      95%         3
 Dazzling Flash           Conj/Hex       0%         N/A       95%         3
 Ignite Poison            Fire/Tmut/Pois 0%         N/A       95%         3
 Inner Flame              Hex/Fire       0%         N/A       95%         3
 Mephitic Cloud           Conj/Pois/Air  0%         N/A       95%         3
 Cause Fear               Hex            0%         N/A       100%        4
 Flame Wave               Conj/Fire      0%         2d4       100%        4
 Olgreb's Toxic Radiance  Pois           0%         N/A       100%        4
 Passage of Golubria      Tloc           0%         N/A       100%        4
 Sticky Flame             Conj/Fire      0%         2d3       100%        4
 Agony                    Necr           0%         N/A       100%        5
 Silence                  Hex/Air        0%         N/A       100%        5
 Summon Forest            Summ/Tloc      0%         N/A       100%        5
 Eringya's Noxious Bog    Tmut/Pois      0%         N/A       100%        6
 Summon Cactus Giant      Summ           0%         N/A       100%        6
 Ozocubu's Refrigeration  Ice            0%         4d7       100%        7
 Summon Hydra             Summ           0%         N/A       100%        7
 Discord                  Hex            0%         N/A       100%        8
 Ignition                 Fire           0%         3d3       100%        8
 Lehudib's Crystal Spear  Conj/Erth      0%         10d2      100%        8
 Chain Lightning          Conj/Air       0%         N/A       100%        9
 Fire Storm               Conj/Fire      0%         5d1       100%        9
 Shatter                  Erth           0%         3d5*      100%        9


Dungeon Overview and Level Annotations

Branches:
Dungeon (1/1)

Altars:
Ashenzari
Cheibriados
Dithmenos
Elyvilon
Fedhas
Gozag
Hepliaklqana
Kikubaaqudgha
Makhleb
Nemelex Xobeh
Okawaru
Qazlal
Ru
Sif Muna
Trog
Uskayaw
Vehumet
Wu Jian
Xom
Yredelemnul
Zin
The Shining One
Jiyva
Lugonu

Annotations:
D 1 transporter


Innate Abilities, Weirdness & Mutations

You have a pair of horns on your head.
You reflexively headbutt those who attack you in melee.


Message History

* * * LOW HITPOINT WARNING * * *
Your life force feels restored.
Your Axes skill increases to level 16!
Okay, then.
You are too berserk!
You cannot move away from the merfolk impaler!
Press: ? - help, v - describe, . - travel
Here: a merfolk impaler, wielding a +0 demon trident of draining and wearing a +0 robe (severely wounded, mesmerising)
The floor, spattered with blood.
You completely miss the merfolk impaler.
You headbutt the merfolk impaler!!
You are no longer entranced.
You kill the merfolk impaler!
Cheibriados thoroughly appreciates the change of pace.
You slice the sea snake!!
Visions of slaying the sea snake flood into your mind.
* * * LOW HITPOINT WARNING * * *
You feel very sick.
Your soul eater hits the sea snake!!
You break out of your daze!
The sea snake dies!
Cheibriados thoroughly appreciates the change of pace.
Your chaos spawn gores the merfolk but does no damage.
You block the merfolk siren's attack.
PANG!
The merfolk javelineer throws a silver javelin.
The silver javelin pierces through you but does no damage.
* * * LOW HITPOINT WARNING * * *
You block the merfolk's attack.
SHROANNG!
Training target 15.0 for Shields reached!
Your Fighting skill increases to level 16!
Your Shields skill increases to level 15!
Your Evocations skill increases to level 9!
You are too berserk!
Okay, then.
You are too berserk!
Okay, then.
Visions of slaying the merfolk flood into your mind.
You die...

▓.~..8©8~.~.▓..).©....▓.
▓~~[))=}:".~▓▓▓▓▓▓▓▓▓▓▓▓
▓~.~:|)[[~..▓...8©8...▓.
▓.~..~m....~▓..|))[...▓.
▓~.~.~~~.~..▓...[})...▓.
▓~..mm.m).~.▓.........▓.
▓~....))4...▓.........▓.
▓.~........~▓.........▓.
▓..▓~.3@.▓..▓.........▓.
▓.~...~..~..▓.........▓.
▓...~.©..~..▓....©....▓.
▓▓▓▓▓▓▓▓▓▓▓▓▓▓▓▓▓▓▓▓▓▓▓▓
▓...8©8...▓...8©8...▓...
▓..|[}.}}.▓...|.[...▓...
▓...}[)[..▓...|).)..▓..)
▓.........▓.........▓..)
▓.........▓.........▓...


You could see a merfolk avatar, a merfolk javelineer, a merfolk (mesmerising,
ally target), a merfolk siren (ally target), a friendly soul eater (summoned)
and a friendly chaos spawn (summoned).

Vanquished Creatures
  A tentacled starspawn (D)
  A ghoul (D)
  A merfolk impaler (D)
  A merfolk aquamancer (D)
  2 soul eaters (D)
  A sea snake (D)
  3 orc knights (D)
  A cyclops (D)
  A water nymph (D)
  2 merfolk (D)
  A troll (D)
  A tarantella (D)
  4 wind drakes (D)
  A blink frog (shapeshifter) (D)
  A jumping spider (D)
  2 ynoxinuls (D)
  A wyvern (shapeshifter) (D)
  A water elemental (D)
  2 yaks (D)
  A warg (D)
  3 hell hounds (D)
  A large abomination (D)
  2 orc warriors (D)
  3 ogres (D)
  A wolf (D)
  2 scorpions (D)
  A quasit (D)
  2 orc priests (D)
  An iron imp (D)
  2 iguanas (D)
  2 orc wizards (D)
  An ufetubus (D)
  An adder skeleton (D)
  3 orcs (D)
  A ball python skeleton (D)
  2 giant cockroach zombies (D)
  A quokka skeleton (D)
  A starspawn tentacle (D)
59 creatures vanquished.

Vanquished Creatures (collateral kills)
  A shadow dragon (D)
  A sea snake (D)
  An orc sorcerer (D)
  An ugly thing (D)
  An apocalypse crab (D)
  A merfolk (D)
  A water elemental (D)
  A water moccasin (shapeshifter) (D)
  A hell hound (D)
  A scorpion (D)
  A quasit (D)
  An orc priest (D)
  An iron imp (D)
  An adder zombie (D)
  2 adder skeletons (D)
  An orc (D)
  A spectral bat (D)
  A bat skeleton (D)
  A bat zombie (D)
  A ball python skeleton (D)
  A jackal skeleton (D)
  A jackal zombie (D)
  A quokka skeleton (D)
24 creatures vanquished.

Vanquished Creatures (others)
  A bat zombie (D)
  4 starspawn tentacles (D)
5 creatures vanquished.

Grand Total: 88 creatures vanquished

Notes
Turn   | Place    | Note
-------+----------+-------------------------------------------
     0 | D        | NinjaNoafa the Minotaur Fighter began the quest for the
                  | Orb.
     0 | D        | Reached XP level 1. HP: 19/19 MP: 0/0
     0 | D        | Found a shimmering blue altar of Sif Muna.
     0 | D        | Found a sacrificial altar of Ru.
     0 | D        | Found a bloodstained altar of Trog.
     0 | D        | Found a stormy altar of Qazlal.
     0 | D        | Found an iron altar of Okawaru.
     0 | D        | Found a sparkling altar of Nemelex Xobeh.
     0 | D        | Found a blossoming altar of Fedhas.
     0 | D        | Found the +6 Majin-Bo {vamp, MP+6 Int+6}
     0 | D        | Found the +9 heavy crossbow "Sniper" {vorpal, Acc+∞ SInv}
     0 | D        | Found the +10 dark maul {vorpal}
     0 | D        | Found the +15 Maxwell's patent armour {-Cast -Tele rElec
                  | Will+ rCorr}
     0 | D        | Found the +18 shield of the Gong {rElec rN+ Will+ EV-5}
     0 | D        | Found the +14 obsidian axe {vorpal, Mesm Drain Fly SInv}
     0 | D        | Found the +7 great mace "Firestarter" {inner flame, rF++}
     0 | D        | Found the +6 shillelagh "Devastator" {shatter}
     0 | D        | Found the +11 plutonium sword {Contam Stlth-}
     0 | D        | Found the +8 lance "Wyrmbane" {slay drac, rPois rF+ rC+
                  | AC+3}
     0 | D        | Found the +9 sword of Zonguldrok {reap}
     0 | D        | Found the +13 scythe of Curses {drain, Drain}
     0 | D        | Found the +5 sword of Power {vorpal}
     0 | D        | Found the +7 mace of Variability {chain chaos}
     0 | D        | Found the +7 Singing Sword {vorpal, sonic wave}
     0 | D        | Found the +8 storm bow {elec, penet}
     2 | D        | Found a transporter.
     2 | D        | Found an ancient bone altar of Kikubaaqudgha.
     2 | D        | Found a viscous altar of Jiyva.
     2 | D        | Found a corrupted altar of Lugonu.
     2 | D        | Found a hazy altar of Hepliaklqana.
     2 | D        | Found a burning altar of Makhleb.
     2 | D        | Found an opulent altar of Gozag.
   125 | D        | Reached skill level 5 in Fighting
   125 | D        | Reached skill level 5 in Armour
   125 | D        | Reached skill level 5 in Shields
   125 | D        | Reached XP level 2. HP: 29/29 MP: 1/1
   162 | D        | Became a worshipper of Cheibriados the Contemplative
   191 | D        | Entered arena 2.
   191 | D        | Noticed a scorpion
   191 | D        | Noticed a jumping spider
   191 | D        | Found a transporter.
   194 | D        | Killed a scorpion
   194 | D        | Killed a jumping spider
   194 | D        | Reached * piety under Cheibriados
   195 | D        | Reached XP level 3. HP: 40/41 MP: 2/2
   195 | D        | Reached XP level 4. HP: 48/49 MP: 3/3
   195 | D        | Reached XP level 5. HP: 54/56 MP: 4/4
   201 | D        | Entered arena 3.
   201 | D        | Noticed a tarantella
   201 | D        | Found a transporter.
   204 | D        | Killed a tarantella
   204 | D        | Reached ** piety under Cheibriados
   205 | D        | Reached skill level 10 in Fighting
   205 | D        | Reached skill level 10 in Armour
   205 | D        | Reached skill level 10 in Shields
   205 | D        | Reached XP level 6. HP: 62/66 MP: 5/5
   207 | D        | Reached XP level 7. HP: 62/72 MP: 6/6
   220 | D        | Entered arena 4.
   220 | D        | Noticed a purple ugly thing
   220 | D        | Noticed a steam dragon
   220 | D        | Noticed a blink frog
   220 | D        | Noticed a rime drake
   220 | D        | Found a transporter.
   222 | D        | Noticed a wyvern
   222 | D        | a steam dragon changed into a wyvern
   224 | D        | Killed a blink frog
   224 | D        | Reached *** piety under Cheibriados
   225 | D        | Killed a wyvern
   226 | D        | a rime drake changed into a water moccasin
   226 | D        | Killed a purple ugly thing
   227 | D        | Reached skill level 10 in Axes
   227 | D        | Reached XP level 8. HP: 67/83 MP: 7/7
   229 | D        | Reached **** piety under Cheibriados
   241 | D        | Entered arena 5.
   241 | D        | Noticed an apocalypse crab
   241 | D        | Found a transporter.
   245 | D        | Paralysed by you for 3 turns
   246 | D        | Killed an apocalypse crab
   246 | D        | Reached ***** piety under Cheibriados
   311 | D        | Entered arena 6.
   311 | D        | Found the +10 Black Knight's barding {ponderous, rPois rN+}
   311 | D        | Found a transporter.
   315 | D        | Reached skill level 1 in Invocations
   315 | D        | Reached skill level 1 in Evocations
   316 | D        | Reached XP level 9. HP: 92/92 MP: 7/9
   336 | D        | Entered arena 7.
   336 | D        | Noticed a tentacled starspawn
   338 | D        | Found a transporter.
   342 | D        | Reached ****** piety under Cheibriados
   344 | D        | Killed a tentacled starspawn
   371 | D        | Entered arena 8.
   372 | D        | Found a transporter.
   377 | D        | Reached XP level 10. HP: 73/101 MP: 10/14
   399 | D        | Entered arena 9.
   399 | D        | Noticed a cyclops
   400 | D        | Found a transporter.
   411 | D        | Killed a cyclops
   412 | D        | Reached skill level 10 in Invocations
   441 | D        | Entered arena 10.
   442 | D        | Found a transporter.
   463 | D        | Entered arena 11.
   464 | D        | Found a transporter.
   510 | D        | Entered arena 12.
   510 | D        | Found the +8 longbow "Zephyr" {speed, Dex+3 SInv}
   510 | D        | Noticed a ghoul
   511 | D        | Noticed a shadow dragon
   511 | D        | Noticed a soul eater
   511 | D        | Noticed a soul eater
   512 | D        | Found a transporter.
   518 | D        | Killed a soul eater
   519 | D        | Reached skill level 15 in Axes
   519 | D        | Killed a shadow dragon
   520 | D        | Killed a soul eater
   521 | D        | Reached XP level 11. HP: 60/107 MP: 13/20
   521 | D        | Killed a ghoul
   708 | D        | Entered arena 13.
   708 | D        | Noticed an orc knight
   708 | D        | Noticed an orc knight
   708 | D        | Noticed an orc knight
   709 | D        | Noticed an orc sorcerer
   713 | D        | Reached skill level 15 in Invocations
   715 | D        | Killed an orc knight
   716 | D        | Killed an orc knight
   716 | D        | Killed an orc knight
   717 | D        | Killed an orc sorcerer
   718 | D        | Found a transporter.
   755 | D        | Entered arena 14.
   756 | D        | Noticed a merfolk impaler
   756 | D        | Noticed a sea snake
   756 | D        | Noticed a merfolk avatar
   756 | D        | Noticed a sea snake
   756 | D        | Noticed a merfolk aquamancer
   757 | D        | Noticed a merfolk javelineer
   758 | D        | Found a transporter.
   760 | D        | Killed a merfolk aquamancer
   761 | D        | Reached skill level 15 in Fighting
   764 | D        | Killed a sea snake
   764 | D        | HP: 8/165 [sea snake (5)]
   765 | D        | Killed a merfolk impaler
   765 | D        | HP: 3/169 [poisoned by a merfolk siren]
   765 | D        | Killed a sea snake
   766 | D        | Reached skill level 15 in Shields
   766 | D        | Succumbed to a merfolk siren's poison

Illustrated notes

Levels and vault maps discovered:
D:        sprint_v [room_start, room_1, room_2, room_3, room_4, room_5, room_6,
          room_7, room_8, room_9, room_10, room_11, room_12, room_13, room_14,
          room_15, room_16, room_17, room_18, room_19, room_20, room_21,
          room_22, room_23, room_24, room_25, room_26, room_27]

Skill      XL: |  1  2  3  4  5  6  7  8  9 10 11 |
---------------+----------------------------------+-----
Fighting       | 5 8 10 12 13 16 | 16.2
Axes           | 6 7 8 10 11 12 15 16 | 16.4
Armour         | 5 8 10 11 12 13 14 | 14.7
Shields        | 5 8 10 12 13 15 | 15.0
Invocations    | 2 7 14 15 | 15.0
Evocations     | 2 7 9 |  9.0

Action                   |  1- 3 |  4- 6 |  7- 9 | 10-12 || total
-------------------------+-------+-------+-------+-------++-------
Melee: Broad axe         |     2 |     4 |    20 |    28 ||    54
       Headbutt          |       |       |     2 |     3 ||     5
Invok: Bend Time         |       |       |     1 |       ||     1
       Slouch            |       |       |       |     5 ||     5
Evoke: Lightning rod     |       |       |     2 |       ||     2
  Use: Potion            |     1 |       |       |     5 ||     6
Armor: Plate armour      |     3 |     2 |    31 |    26 ||    62
Dodge: Dodged            |       |       |     7 |     2 ||     9
Block: Kite shield       |     3 |     4 |    69 |    78 ||   154
